AoeStats
← Gim

African Clearing

503830513Analyzed
4v4 RM · 29d ago on Sep 2, 2026· 27m 57s· 8 players
Game mode
Random Map
Map size
Large (8 player)
Population
200
Speed
Normal
Resources
Standard
Victory
Conquest
Starting age
Dark Age
Ending age
Imperial Age
RankedLock teamsTeams togetherTeam positionsShared explorationLock speedFull tech treeHidden civsTurbo modeCheats
Victory
Defeat
🇨🇳 Bulgarians · China
1487
+6
🇨🇳 Jurchens · China
1233
+16
🇨🇳 Persians · China
1212
+17
🇭🇰 Burgundians · Hong Kong SAR China
1146
+19
🇹🇼 Poles · Taiwan
1258
-15
🇨🇳 Cumans · China
1231
-14
🇹🇼 Mongols · Taiwan
1210
-13
🇨🇳 Berbers · China
1195
-13
Red
11:29 Loom
13:55 Feudal Age
14:41 Double-Bit Axe
15:26 Horse Collar
16:57 Bloodlines
20:03 Scale Barding Armor
20:08 Forging
23:22 Fletching
23:32 Padded Archer Armor
Dark_Knight
3:58 Loom
14:25 Feudal Age
16:33 Double-Bit Axe
16:30 Horse Collar
18:58 Castle Age
19:54 Bow Saw
20:46 Squires
22:23 Scale Mail Armor
23:09 Squires
Gim
4:16 Loom
13:26 Feudal Age
17:50 Castle Age
16:30 Double-Bit Axe
17:34 Scale Barding Armor
26:12 Bloodlines
muui
3:55 Loom
15:07 Feudal Age
18:58 Padded Archer Armor
18:48 Fletching
22:26 Town Watch
白色风车
11:55 Loom
14:22 Feudal Age
18:20 Castle Age
16:51 Double-Bit Axe
19:14 Scale Barding Armor
20:40 Bloodlines
26:42 Horse Collar
川芎
3:58 Loom
13:47 Feudal Age
17:49 Castle Age
16:08 Double-Bit Axe
19:52 Bloodlines
帝国雷
8:18 Loom
15:25 Feudal Age
14:15 Double-Bit Axe
19:40 Castle Age
18:42 Bow Saw
27:49 Scale Barding Armor
27:55 Forging
执手画江山
11:11 Loom
12:57 Feudal Age
16:51 Castle Age
14:45 Double-Bit Axe
15:42 Gold Mining
15:48 Fletching
22:24 Bow Saw
23:59 Bodkin Arrow
27:18 Gold Shaft Mining
27:03 Town Watch
27:40 Husbandry
27:51 Bloodlines
Connection lost

Rejoining the realm…

Still unreachable

The connection could not be restored.

Session expired

The server has moved on; the page needs a fresh start.